 Dungeon Crawl Stone Soup version 0.28-a0-1206-g193881aaa2 (webtiles) character file.

Game seed: 13460999834403915738

16001 Armakuni the Arsonist (level 12, -3/84 (86) HPs)
             Began as a Human Fire Elementalist on Dec 20, 2021.
             Engulfed by a cloud of flame (25 damage)
             ... on level 1 of the Lair of Beasts.
             The game lasted 00:30:18 (15082 turns).

Armakuni the Arsonist (Human Fire Elementalist)    Turns: 15082, Time: 00:30:18

HP:   -3/84 (86)    AC:  8    Str: 12    XL:     12   Next: 64%
MP:   22/26         EV: 12    Int: 15    God:
Gold: 383           SH:  0    Dex: 16    Spells: 21/31 levels left

rFire   . . .      SeeInvis .   a - +4 lajatang
rCold   . . .      Faith    .   (shield currently unavailable)
rNeg    . . .      Spirit   .   I - +1 troll leather armour
rPois   +          Reflect  .   n - +0 helmet
rElec   .          Harm     .   o - +0 cloak
rCorr   .          Rampage  .   (no gloves)
Will    .....                   r - +0 pair of boots
Stlth   ++........              M - amulet of magic regeneration
HPRegen 1.04/turn               P - ring of poison resistance
MPRegen 0.60/turn               S - +4 ring of slaying

@: lightly drained
A: no striking features
a: no special abilities


You were on level 1 of the Lair of Beasts.
You visited 3 branches of the dungeon, and saw 14 of its levels.

You collected 590 gold pieces.
You spent 207 gold pieces at shops.

Inventory:

Hand Weapons
 a - a +4 lajatang (weapon)
Missiles
 w - a throwing net
Armour
 n - a +0 helmet (worn)
 o - a +0 cloak (worn)
 q - a +0 ring mail of willpower
 r - a +0 pair of boots (worn)
 t - a +1 chain mail of poison resistance
 D - a +2 buckler
 G - +0 acid dragon scales
 I - a +1 troll leather armour (worn)
Magical Staves
 b - a staff of earth
Jewellery
 c - a ring of flight
 M - an amulet of magic regeneration (around neck)
 P - a ring of poison resistance (left hand)
 S - a +4 ring of slaying (right hand)
 V - a +6 ring of strength
Wands
 h - a wand of acid (8)
 m - a wand of mindburst (10)
 p - a wand of paralysis (5)
 C - a wand of polymorph (8)
 H - a wand of flame (4)
Scrolls
 g - 2 scrolls of teleportation
 j - a scroll of vulnerability
 l - 3 scrolls of fear
 v - 2 scrolls of noise
 F - a scroll of immolation
 J - a scroll of amnesia
Potions
 d - a potion of attraction
 e - a potion of flight
 f - 2 potions of brilliance
 i - 2 potions of ambrosia
 k - 2 potions of haste
 s - a potion of magic
 u - 3 potions of lignification
 x - 2 potions of cancellation {unknown}
 z - a potion of heal wounds
 A - 5 potions of curing
 E - a potion of berserk rage {unknown}
 K - a potion of might {unknown}


   Skills:
 - Level 5.0 Fighting
 + Level 9.2 Staves
 - Level 2.0 Dodging
 - Level 2.0 Stealth
 - Level 10.0 Spellcasting
 - Level 1.0 Conjurations
 - Level 10.0 Fire Magic
 + Level 9.2 Evocations


You had 21 spell levels left.
You knew the following spells:

 Your Spells              Type           Power      Damage    Failure   Level
a - Apportation           Tloc           14%        N/A       12%         1
i - Inner Flame           Hex/Fire       22%        N/A       4%          3
w - Flame Wave            Conj/Fire      24%        2d6       13%         4
z - Scorch                Fire           74%        2d9       1%          2

Your spell library contained the following spells:

 Spells                   Type           Power      Damage    Failure   Level
 Foxfire                  Conj/Fire      96%        2x1d8     1%          1
 Conjure Flame            Conj/Fire      24%        6-21      3%          3
 Ensorcelled Hibernation  Hex/Ice        14%        N/A       19%         2
 Dazzling Flash           Conj/Hex       18%        N/A       30%         3
 Spider Form              Tmut/Pois      7%         N/A       36%         3
 Animate Dead             Necr           3%         N/A       77%         4
 Iskenderun's Battlesphe  Conj           10%        2d6       92%         5
 Agony                    Necr           7%         N/A       98%         5
 Alistair's Intoxication  Tmut/Pois      4%         N/A       98%         5
 Silence                  Hex/Air        3%         N/A       98%         5
 Iron Shot                Conj/Erth      4%         9d2       100%        6
 Spellforged Servitor     Conj/Summ      4%         N/A       100%        7
 Death's Door             Necr           3%         N/A       100%        9


Dungeon Overview and Level Annotations

Branches:
Dungeon (12/15)            Temple (1/1) D:5            Lair (1/6) D:11
    Orc (0/2) D:10

Altars:
Ashenzari
Cheibriados
Dithmenos
Elyvilon
Fedhas
Gozag
Hepliaklqana
Kikubaaqudgha
Makhleb
Nemelex Xobeh
Okawaru
Qazlal
Ru
Sif Muna
Trog
Uskayaw
Vehumet
Wu Jian
Xom
Yredelemnul
Zin
The Shining One

Shops:
D:1 [   D:2 *

Annotations:
D:3 1 runed translucent door, sanka's ghost, weakling PaAK
D:11 1 runed translucent door, bmj180's ghost, journeyman DrCj


Message History

The hell rat explodes!
Casting: Scorch (safe; 1% risk of failure)
Press: ? - help, Q - select action, (/) - cycle Dir - look around, f - activate
Okay, then.
Magic restored.
Things that are here:
a hell rat corpse; a water moccasin corpse
A - 5 potions of curing (gained 1)
A black mamba and 2 cane toads come into view.
Found 6 atropa-tipped darts and 18 arrows.
The black mamba hisses angrily.
There are monsters nearby!
There are monsters nearby!
Casting: Scorch (safe; 1% risk of failure)
Confirm with . or Enter, or press ? or * to list all spells.
Aiming: Inner Flame (dangerous; 4% risk of failure)
Press: ? - help, Dir - move target, f - black mamba
Aim: a black mamba (chance to affect: 78%)
The black mamba is filled with an inner flame.
The black mamba bites you!
Casting: Scorch (safe; 1% risk of failure)
Press: ? - help, Q - select action, (/) - cycle Dir - look around, f - activate Flames lash the black mamba.
Flame seeps out of the black mamba.
The black mamba is lightly wounded.
The black mamba's fire resistance burns away.
The cane toad croaks.
The black mamba is engulfed in blazing flames.
Flame seeps out of the black mamba.
The black mamba bites you!
The black mamba is engulfed in blazing flames.
Flame seeps out of the black mamba.
The black mamba bites you but does no damage.
The black mamba is engulfed in blazing flames.
Flame seeps out of the black mamba.
The black mamba bites you but does no damage.
You hit the black mamba.
The black mamba explodes!
The fiery explosion engulfs you!!!
* * * LOW HITPOINT WARNING * * *
You are engulfed in blazing flames.
You die...

............#......#
≈..######.##.......#
≈....†.............#
≈...####..###...####
≈.<..# #......###
≈#≈### ####.#..#
≈≈## ###..#### .≈#
##..#.# #≈# #..@##
#+# ###+§#
#......°§.#
.#.....F..#
#........#
..F...F...#
(#........#
+....(...#
#........#


You could see a cane toad.

Vanquished Creatures
  Snorg (D:11)
  A hydra (D:11)
  3 two-headed ogres
  A flayed ghost (D:8)
  2 cyclopes
  2 manticores (D:11)
  A black mamba (Lair:1)
  Joseph (D:7)
  Psyche (D:11)
  2 kobold demonologists (D:11)
  3 trolls
  2 hornets
  A vampire (D:10)
  Sigmund (D:3)
  2 water elementals (D:11)
  A wyvern (D:10)
  6 wraiths
  10 yaks (D:11)
  3 fire bats (D:8)
  2 steam dragons
  A basilisk (D:9)
  4 vampire mosquitoes (D:11)
  An acid dragon (D:12)
  3 water moccasins
  2 orc warriors
  3 hornet zombies
  A necrophage (D:8)
  2 wolves
  A centaur (D:7)
  A phantom (D:5)
  2 ogres
  A kobold brigand (D:9)
  6 bullfrogs
  A wyvern zombie (D:8)
  24 killer bees
  3 howler monkeys
  2 electric eels (D:11)
  2 centaur zombies
  2 bullfrog zombies
  10 hounds
  3 jellies
  3 orc priests
  Jessica (D:2)
  An iguana (D:4)
  6 orc wizards
  3 hell rats (Lair:1)
  A killer bee zombie (D:9)
  2 hound skeletons
  4 adders
  11 dart slugs
  20 orcs
  4 endoplasms
  2 giant cockroaches
  9 goblins
  8 hobgoblins
  10 kobolds
  A quokka (D:3)
  6 ball pythons
  8 bats
  5 frilled lizards
  4 rats
230 creatures vanquished.

Vanquished Creatures (collateral kills)
  An orc wizard (D:10)
  2 orcs (D:10)
  2 bats (D:8)
5 creatures vanquished.

Vanquished Creatures (others)
  An orc warrior (D:10)
  2 killer bees (D:9)
  9 foxfires (D:1)
  8 plants
20 creatures vanquished.

Grand Total: 255 creatures vanquished

Notes
Turn   | Place    | Note
-------+----------+-------------------------------------------
     0 | D:1      | Armakuni the Human Fire Elementalist began the quest for
                  | the Orb.
     0 | D:1      | Reached XP level 1. HP: 13/13 MP: 3/3
   181 | D:1      | Reached skill level 1 in Fighting
   181 | D:1      | Reached XP level 2. HP: 19/21 MP: 3/5
   184 | D:1      | Learned a level 2 spell: Scorch
   312 | D:1      | Found a faded altar of an unknown god.
   730 | D:1      | Found Xoneghel's Antique Armour Shoppe.
  1077 | D:2      | Found Goowiley's General Store.
  1104 | D:2      | Reached XP level 3. HP: 26/26 MP: 3/6
  1576 | D:2      | Noticed Jessica
  1583 | D:2      | Killed Jessica
  1584 | D:2      | Reached XP level 4. HP: 33/33 MP: 2/7
  2249 | D:3      | Reached XP level 5. HP: 38/38 MP: 6/9
  2448 | D:3      | Found a hide-covered altar of Uskayaw.
  2448 | D:3      | Found a stormy altar of Qazlal.
  2639 | D:3      | Noticed sanka's ghost (weakling PaAK)
  2642 | D:3      | Found a runed translucent door.
  2662 | D:3      | Found a shadowy altar of Dithmenos.
  2833 | D:3      | Noticed Sigmund
  2838 | D:3      | Killed Sigmund
  2839 | D:3      | Reached XP level 6. HP: 47/47 MP: 1/11
  3217 | D:3      | Found a glowing golden altar of the Shining One.
  3222 | D:3      | Found a basalt altar of Yredelemnul.
  3224 | D:3      | Noticed a profane servitor
  3247 | D:3      | Noticed an angel
  3516 | D:4      | Noticed an ogre
  3521 | D:4      | Killed an ogre
  3523 | D:4      | Reached XP level 7. HP: 25/53 MP: 1/12
  3693 | D:4      | Learned a level 4 spell: Flame Wave
  3735 | D:4      | Reached skill level 5 in Fire Magic
  3907 | D:4      | Found a glowing silver altar of Zin.
  4690 | D:1      | Bought an encrusted ring mail for 207 gold pieces
  4690 | D:1      | Identified the +1 ring mail of Rasoamoa {Rampage MP+9
                  | Int-2} (You bought it in a shop on level 1 of the Dungeon)
  4748 | D:5      | Entered Level 5 of the Dungeon
  4888 | D:5      | Found a staircase to the Ecumenical Temple.
  4897 | Temple   | Entered the Ecumenical Temple
  5154 | D:5      | Learned a level 3 spell: Inner Flame
  5204 | D:5      | Reached XP level 8. HP: 50/61 MP: 9/14
  5450 | D:5      | Reached skill level 5 in Fighting
  5450 | D:5      | Reached skill level 5 in Spellcasting
  5798 | D:6      | Learned a level 1 spell: Apportation
  7148 | D:7      | Noticed Joseph
  7163 | D:7      | Killed Joseph
  7164 | D:7      | Reached XP level 9. HP: 32/68 MP: 12/18
  7426 | D:7      | Found a broken altar of Ashenzari.
  8333 | D:7      | Found an ornate altar of the Wu Jian Council.
  8366 | D:7      | Found an iron altar of Okawaru.
  9018 | D:8      | Reached XP level 10. HP: 64/74 MP: 12/21
  9096 | D:8      | Noticed a two-headed ogre
  9100 | D:8      | Killed a two-headed ogre
  9791 | D:8      | Found a runed translucent door.
  9801 | D:8      | Reached skill level 10 in Fire Magic
  9829 | D:8      | Found a shimmering blue altar of Sif Muna.
  9965 | D:8      | Found a shimmering altar of Xom.
  9975 | D:8      | Found a hide-covered altar of Uskayaw.
  9987 | D:8      | Found a sparkling altar of Nemelex Xobeh.
 10347 | D:8      | Found a shimmering altar of Xom.
 10355 | D:8      | Reached skill level 10 in Spellcasting
 10440 | D:8      | Found a glowing golden altar of the Shining One.
 10483 | D:8      | Reached skill level 1 in Staves
 10483 | D:8      | Reached skill level 1 in Evocations
 10563 | D:8      | Found a bloodstained altar of Trog.
 10877 | D:8      | Noticed a flayed ghost
 10885 | D:8      | Killed a flayed ghost
 10886 | D:8      | Reached XP level 11. HP: 79/79 MP: 18/25
 10890 | D:8      | Got the Almanac of the Farrier
 11469 | D:9      | Noticed a two-headed ogre
 11473 | D:9      | Killed a two-headed ogre
 11610 | D:9      | You fall into a shaft and drop 3 floors!
 11628 | D:12     | Noticed a two-headed ogre
 11631 | D:12     | Killed a two-headed ogre
 11632 | D:12     | Reached skill level 5 in Staves
 11632 | D:12     | Reached skill level 5 in Evocations
 11873 | D:10     | Entered Level 10 of the Dungeon
 11873 | D:10     | Noticed a cyclops
 12356 | D:9      | Found a sparkling altar of Nemelex Xobeh.
 12547 | D:9      | Identified the +0 cloak of Sophism {rPois Will- Dex+4}
 12800 | D:10     | Killed a cyclops
 12985 | D:10     | Found a staircase to the Orcish Mines.
 13854 | D:11     | Noticed an eight-headed hydra
 13861 | D:11     | Killed an eight-headed hydra
 13892 | D:11     | Reached XP level 12. HP: 68/86 MP: 17/26
 13934 | D:11     | Found a runed translucent door.
 13935 | D:11     | Noticed bmj180's ghost (journeyman DrCj)
 13936 | D:11     | Identified the +3 trident of Koiq {holy, Stlth+}
 14486 | D:11     | Found a staircase to the Lair.
 14681 | D:11     | Noticed Psyche
 14685 | D:11     | Killed Psyche
 14722 | D:11     | Noticed Snorg
 14727 | D:11     | Killed Snorg
 14971 | Lair:1   | Entered Level 1 of the Lair of Beasts
 15082 | Lair:1   | Engulfed by a cloud of flame

Illustrated notes

Levels and vault maps discovered:
D:1:      onia_arrival_pyramid, layout_loops_ring, serial_shops, shop_fountains,
          hellmonk_ecumenical_altar_arch_garden
D:2:      layout_rooms, serial_shops, nicolae_shop_trees, st_stairs_3,
          uniq_jessica
D:3:      kennysheep_slugbush, layout_loops_corners,
          grunt_temple_overflow_holy_war, general_overflow_altar,
          mainiacjoe_overflow_catwalk_spiral, hellmonk_ghost_happy_afterlife,
          st_stairs_6, uniq_sigmund
D:4:      layout_loops_corners, kennysheep_flooded_box,
          kennysheep_generic_room_3
D:5:      layout_loops_ring, minmay_temple_entry_tees, hex_large
D:6:      layout_layer_cave
D:7:      layout_loops_corners, mainiacjoe_overflow_tiny_flanked,
          mainiacjoe_overflow_alcove_4, ashenzari_altar_1, uniq_joseph
D:8:      due_megacathedral, layout_basic, trog_hazing_becter,
          lemuel_flamethrower_2
D:9:      layout_basic, mainiacjoe_overflow_catwalk
D:10:     layout_stronghold, orc_0_dummy
D:11:     layout_basic, erik_lair_island, ebering_ghost_funeral_grove,
          uniq_snorg, uniq_psyche
D:12:     layout_rooms, serial_shops, nicolae_shop_bloodbath_and_beyond,
          grunt_ministairs_11, serial_bayou_pond_a
Temple:   minmay_temple_bridge_abc
Lair:1:   layout_roguey, chequers_serial_rivers_small_a, minivault_25,
          grunt_megastairs_3, lemuel_fruit_fields

Skill      XL: |  1  2  3  4  5  6  7  8  9 10 11 12 |
---------------+-------------------------------------+-----
Fighting       | 1 2 3 4 5 |  5.0
Fire Magic     | 4 5 7 9 10 | 10.0
Spellcasting   | 3 4 6 7 10 | 10.0
Staves         | 2 7 9 |  9.2
Evocations     | 2 7 9 |  9.2
Dodging        | |  2.0
Stealth        | |  2.0
Conjurations   | |  1.0

Action                   |  1- 3 |  4- 6 |  7- 9 | 10-12 || total
-------------------------+-------+-------+-------+-------++-------
Melee: Staff             |    14 |     9 |     4 |       ||    27
       Lajatang          |       |       |     9 |    30 ||    39
 Cast: Foxfire           |     7 |       |       |       ||     7
       Scorch            |    23 |    35 |   138 |   220 ||   416
       Inner Flame       |       |       |     4 |    41 ||    45
       Flame Wave        |       |       |       |     1 ||     1
Evoke: Wand              |       |       |     7 |    32 ||    39
  Use: Scroll            |     2 |     6 |     7 |     9 ||    24
       Potion            |       |       |     2 |     2 ||     4
Armor: Robe              |     7 |     4 |    22 |       ||    33
       Steam dragon scal |       |       |       |    50 ||    50
       Troll leather arm |       |       |       |    21 ||    21
Dodge: Dodged            |    14 |    19 |    51 |    97 ||   181

Table legend: (Time is in decaauts)
 A = Elapsed time spent in this place.
 B = Non-inter-level travel time spent in this place.
 C = Inter-level travel time spent in this place.
 D = Time resting spent in this place.
 E = Time spent auto-exploring this place.
 F = Levels seen in this place.
 G = Mean time per level.
                   A        B        C        D        E       F      G
               +--------+--------+--------+--------+--------+-----+--------+
         Total |  15135 |  14633 |    502 |   3373 |   9051 |  14 | 1081.1 |
       Dungeon |  14829 |  14349 |    480 |   3349 |   8854 |  12 | 1235.8 |
        Temple |    194 |    172 |     22 |      0 |    167 |   1 |  194.0 |
          Lair |    111 |    111 |      0 |     24 |     30 |   1 |  111.0 |
               +--------+--------+--------+--------+--------+-----+--------+

Top non-repeatable levels by time:
     D:8: 2443 daAuts
    D:10: 1460 daAuts
     D:3: 1402 daAuts
     D:7: 1396 daAuts
     D:6: 1344 daAuts
     D:4: 1292 daAuts
     D:9: 1241 daAuts
     D:1: 1095 daAuts
    D:11: 1071 daAuts
     D:2: 988 daAuts
     D:5: 832 daAuts
    D:12: 258 daAuts
  Temple: 194 daAuts
  Lair:1: 111 daAuts
